AoeStats
← Chigüiro

Black Forest

508784693Analyzed
4v4 RM · 8d ago on Sep 24, 2026· 28m 16s· 8 players
Game mode
Random Map
Map size
Large (8 player)
Population
200
Speed
Normal
Resources
Standard
Victory
Conquest
Starting age
Dark Age
Ending age
Imperial Age
RankedLock teamsTeams togetherTeam positionsShared explorationLock speedFull tech treeHidden civsTurbo modeCheats
Victory
Defeat
🇨🇴 Jurchens · Colombia
1522
+14
🇨🇴 Cumans · Colombia
1473
+16
🇨🇴 Tatars · Colombia
1455
+17
🇨🇴 Mongols · Colombia
1347
+21
🇺🇸 Varangians · United States
1493
-18
🇨🇳 Ethiopians · China
1469
-17
🇨🇱 Khmer · Chile
1466
-17
🇸🇬 Danes · Singapore
1436
-16
maxwell54
1:26 Loom
12:24 Feudal Age
17:42 Fletching
21:02 Fishing Lines
22:31 Double-Bit Axe
27:20 Castle Age
25:56 Scale Mail Armor
26:49 Forging
Panelo
0:35 Loom
10:13 Feudal Age
11:12 Double-Bit Axe
13:34 Town Watch
13:36 Horse Collar
13:50 Fletching
22:49 Castle Age
21:35 Padded Archer Armor
22:27 Gold Mining
23:49 Bodkin Arrow
Chigüiro
10:17 Feudal Age
11:32 Double-Bit Axe
26:20 Castle Age
26:14 Gold Mining
26:38 Scale Barding Armor
26:31 Fishing Lines
26:32 Horse Collar
LaTiN PoWeR
1:54 Loom
10:04 Feudal Age
14:42 Castle Age
13:50 Double-Bit Axe
14:36 Gold Mining
17:33 Forging
19:06 Scale Barding Armor
22:22 Bloodlines
27:44 Iron Casting
busy pushing deer
9:30 Feudal Age
9:31 Man-at-Arms
10:07 Arson
11:49 Loom
16:17 Fletching
24:38 Fishing Lines
27:09 Castle Age
28:04 Double-Bit Axe
happix
10:50 Feudal Age
13:39 Castle Age
11:58 Double-Bit Axe
12:26 Horse Collar
14:45 Bow Saw
16:19 Loom
21:27 Wheelbarrow
20:54 Heavy Plow
20:46 Gold Mining
23:20 Hand Cart
24:35 Scale Barding Armor
24:42 Bloodlines
25:15 Husbandry
25:27 Forging
27:53 Chain Barding Armor
BraveHeart
11:21 Feudal Age
15:22 Castle Age
13:33 Horse Collar
13:40 Double-Bit Axe
17:14 Bow Saw
18:15 Scale Barding Armor
20:37 Loom
21:47 Fishing Lines
26:00 Bloodlines
26:02 Gold Mining
27:08 Husbandry
27:30 Chain Barding Armor
28:02 Forging
120057903
9:36 Loom
11:44 Feudal Age
16:38 Fletching
21:51 Double-Bit Axe
Connection lost

Rejoining the realm…

Still unreachable

The connection could not be restored.

Session expired

The server has moved on; the page needs a fresh start.